[Event "Late-Titled-Tuesday-Blitz-March-26-2024"]
[Site "Chess.com"]
[Date "2024.03.26"]
[Round "9"]
[White "Alexander_Donchenko"]
[Black "Oleksandr_Bortnyk"]
[Result "0-1"]
[WhiteElo "2883"]
[BlackElo "3045"]
[TimeControl "180+1"]
[EndTime "15:41:47 PDT"]
[Termination "Oleksandr_Bortnyk won by checkmate"]

1. e4 Nf6 2. Nc3 d5 3. e5 Nfd7 4. d4 c5 5. Nxd5 cxd4 6. Qxd4 Nb6 7. Bb5+ Nc6 8. c4 e6 9. Bg5 Qd7 10. O-O-O exd5 11. Qh4 a6 12. cxd5 axb5 13. e6 fxe6 14. dxc6 Qxc6+ 15. Kb1 e5 16. Nf3 Bf5+ 17. Ka1 Nc4 18.
Rd8+ Rxd8 19. Bxd8 Na3 20. Nxe5 Nc2+ 21. Kb1 Ne1+ 22.
Ka1 Qc1# 0-1

[Event "Late-Titled-Tuesday-Blitz-March-26-2024"]
[Site "Chess.com"]
[Date "2024.03.26"]
[Round "9"]
[White "GodzillaChessYoutube"]
[Black "Payyappat"]
[Result "1-0"]
[WhiteElo "2694"]
[BlackElo "2527"]
[TimeControl "180+1"]
[EndTime "15:41:47 PDT"]
[Termination "GodzillaChessYoutube won by resignation"]

1. Nh3 Nf6 2. d4 d5 3. Nf4 c5 4.
c4 cxd4 5. cxd5 Nxd5 6. Qxd4 e6 7. Nxd5 Qxd5 8. Qxd5 exd5 9. Nc3 Be6 10. e3 Nc6 11. Bb5 Bb4 12. Bd2 O-O 13. Ne2 Bxd2+ 14. Kxd2 Ne5 15.
Nd4 a6 16. Be2 b5 17. b3 Rac8 18. a4 b4 19. Bxa6 Rc3 20. Rhc1 Ng4 21. Rxc3 bxc3+ 22. Kxc3 Nxf2 23. b4 Rb8 24. b5 Ne4+ 25. Kb4 Kf8 26. a5 Ke8 27. b6 Kd7 28. Bb5+ Kd6 29. Rc1 Nf2 30. Rc6+ Ke7 31. Rxe6+ fxe6 32. Nc6+ Kd6 33. Nxb8 1-0

[Event "Late-Titled-Tuesday-Blitz-March-26-2024"]
[Site "Chess.com"]
[Date "2024.03.26"]
[Round "9"]
[White "Matrix3x3a"]
[Black "SuperJesus88"]
[Result "0-1"]
[WhiteElo "2601"]
[BlackElo "2512"]
[TimeControl "180+1"]
[EndTime "15:41:57 PDT"]
[Termination "SuperJesus88 won by resignation"]

1. d4 e6 2. Nf3 b6 3. e4 Bb7 4.
Bd3 d5 5. e5 c5 6. c3 Qc8 7.
O-O Ba6 8. a3 Bxd3 9. Qxd3 Qa6 10. Qd1 Ne7 11. b4 Nf5 12. Bb2 h5 13. Nbd2 Nc6 14.
Re1 Be7 15. Nf1 O-O 16. Ne3 Nxe3 17. fxe3 g6 18. Qb3 Rac8 19. e4 dxe4 20. Rxe4 Qd3 21. Rae1 cxd4 22. Nxd4 Nxd4 23. Rxd4 Qb5 24. c4 Qc6 25. Red1 Rfd8 26. Qe3 Rxd4 27. Rxd4 a5 28. b5 Qc7 29. Rf4 Bg5 0-1

[Event "Late-Titled-Tuesday-Blitz-March-26-2024"]
[Site "Chess.com"]
[Date "2024.03.26"]
[Round "9"]
[White "FMYiLiu"]
[Black "Mikhail_Golubev"]
[Result "0-1"]
[WhiteElo "2503"]
[BlackElo "2649"]
[TimeControl "180+1"]
[EndTime "15:42:00 PDT"]
[Termination "Mikhail_Golubev won by resignation"]

1. d4 Nf6 2. Nf3 d6 3. c4 g6 4. Nc3 Bg7 5. e4 O-O 6. Be2 e5 7. O-O h6 8. d5 Na6 9. Qc2 Nh5 10. Re1 f5 11. exf5 Bxf5 12. Ne4 Nc5 13. Nfd2 Qh4 14. Bxh5 gxh5 15. b4 Nxe4 16. Nxe4 Bxe4 17. Rxe4 Rxf2 18. Rxh4 Rxc2 19. Rxh5 e4 20. Rb1 Bd4+ 21. Kh1 e3 22. Rh4 Rf8 23. Ba3 e2 0-1

[Event "Late-Titled-Tuesday-Blitz-March-26-2024"]
[Site "Chess.com"]
[Date "2024.03.26"]
[Round "9"]
[White "Boundless_Strike"]
[Black "Quattroporte300"]
[Result "1-0"]
[WhiteElo "2620"]
[BlackElo "2482"]
[TimeControl "180+1"]
[EndTime "15:42:00 PDT"]
[Termination "Boundless_Strike won by resignation"]

1. d4 d5 2. e4 dxe4 3. Nc3 Nf6 4. f3 exf3 5. Nxf3 g6 6. Bc4 Bg7 7. h4 a6 8. Ne5 e6 9. Be3 b5 10. Qf3 Ra7 11. d5 bxc4 12. Bxa7 Bb7 13. O-O-O exd5 14. Bc5 Nbd7 15. Rhe1 Nxe5 16. Rxe5+ Kd7 17. Nxd5 Bxd5 18. Rexd5+ Nxd5 19. Qxd5+ 1-0

[Event "Late-Titled-Tuesday-Blitz-March-26-2024"]
[Site "Chess.com"]
[Date "2024.03.26"]
[Round "9"]
[White "CaspiIsrael"]
[Black "prochn"]
[Result "0-1"]
[WhiteElo "2643"]
[BlackElo "2527"]
[TimeControl "180+1"]
[EndTime "15:42:01 PDT"]
[Termination "prochn won by checkmate"]

1. e4 c6 2. d4 d5 3. f3 dxe4 4.
fxe4 e5 5. Nf3 Bg4 6. Bc4 Nd7 7. c3 Ngf6 8. O-O Bd6 9. a4 O-O 10. Bg5 h6 11. Bh4 Qc7 12. h3 Bh5 13. Nbd2 Rfe8 14.
Qc2 Bg6 15. Rae1 a6 16. Bxf6 Nxf6 17. Nh4 Kh7 18. Nxg6 fxg6 19. Kh1 b5 20. Ba2 c5 21. dxc5 Bxc5 22. Bd5 Rad8 23. axb5 axb5 24. Qb3 Nh5 25.
Rf7 Re7 26. Rxe7 Qxe7 27. Qxb5 Bf2 28. Rd1 Qg5 29. Nf3 Ng3+ 30. Kh2 Qf4 31. Rd3 Ne2+ 32. Kh1 Qc1+ 33. Kh2 Bg3# 0-1

[Event "Late-Titled-Tuesday-Blitz-March-26-2024"]
[Site "Chess.com"]
[Date "2024.03.26"]
[Round "9"]
[White "KetiTsatsalashvili"]
[Black "Sanyura"]
[Result "0-1"]
[WhiteElo "2457"]
[BlackElo "2595"]
[TimeControl "180+1"]
[EndTime "15:42:04 PDT"]
[Termination "Sanyura won by resignation"]

1. d4 Nf6 2. Nf3 g6 3. c4 d6 4. Nc3 Bg7 5. e4 O-O 6. Be2 e5 7. O-O Nc6 8. d5 Ne7 9. Nd2 Ne8 10. b4 f5 11. c5 Rf7 12. Nc4 f4 13. Bg4 g5 14. Bxc8 Rxc8 15. f3 h5 16. a4 Ng6 17.
Ba3 g4 18. fxg4 Qg5 19. gxh5 Nh4 20. Qd2 Bf8 21. Nb5 Rg7 22. Rf2 Nf6 23. h3 Nxe4 24. Qc2 Nxf2 25. Qxf2 Qxh5 26. g4 fxg3 27. Qe3 g2 28. Nd2 Be7 29. Nxa7 Rf8 30. Re1 Bg5 31.
Qe2 Bxd2 0-1

[Event "Late-Titled-Tuesday-Blitz-March-26-2024"]
[Site "Chess.com"]
[Date "2024.03.26"]
[Round "9"]
[White "GMG"]
[Black "Heliosis11"]
[Result "1-0"]
[WhiteElo "2800"]
[BlackElo "2351"]
[TimeControl "180+1"]
[EndTime "15:42:06 PDT"]
[Termination "GMG won by resignation"]

1. Nf3 c5 2. c4 Nf6 3. d4 cxd4 4. Nxd4 e6 5. Nc3 Bb4 6. g3 Qc7 7. Qb3 Nc6 8. Nxc6 Qxc6 9. Qxb4 Qxh1 10. Nb5 Ng4 11.
Nd6+ Kd8 12. Nxf7+ Ke8 13. Nd6+ Kf8 14. Nf5+ Kg8 15. Qe7 1-0

[Event "Late-Titled-Tuesday-Blitz-March-26-2024"]
[Site "Chess.com"]
[Date "2024.03.26"]
[Round "9"]
[White "ChessSwole"]
[Black "ACollins05"]
[Result "1-0"]
[WhiteElo "2670"]
[BlackElo "2516"]
[TimeControl "180+1"]
[EndTime "15:42:08 PDT"]
[Termination "ChessSwole won by checkmate"]

1. d4 d5 2. c4 e6 3. Nf3 Nf6 4. Nc3 Be7 5. Bg5 h6 6. Bh4 O-O 7.
e3 b6 8. g4 dxc4 9. Rg1 Bb7 10.
Bxc4 Nbd7 11. Bxf6 Nxf6 12. h4 Ne4 13. g5 hxg5 14. Nxe4 Bxe4 15. Nxg5 Bxg5 16. Rxg5 g6 17. Qg4 Kg7 18. Qxe4 Rh8 19. O-O-O Qf6 20. Rdg1 Rac8 21. h5 c5 22. Rxg6+ fxg6 23. Rxg6+ Kf7 24. Rxf6+ Kxf6 25. Qg6+ Ke7 26. Qxe6+ Kd8 27. Qd6+ Ke8 28. Be6 Rd8 29. Qc7 Rf8 30. d5 Rxf2 31. h6 Rf8 32. h7 c4 33. h8=Q Rxh8 34. Qf7# 1-0

[Event "Late-Titled-Tuesday-Blitz-March-26-2024"]
[Site "Chess.com"]
[Date "2024.03.26"]
[Round "9"]
[White "Evandro_Barbosa"]
[Black "secretsuperstar7"]
[Result "1-0"]
[WhiteElo "2646"]
[BlackElo "2503"]
[TimeControl "180+1"]
[EndTime "15:42:17 PDT"]
[Termination "Evandro_Barbosa won by resignation"]

1. e4 c5 2. Nf3 Nc6 3. Bb5 Nd4 4. Nxd4 cxd4 5. O-O a6 6. Ba4 b5 7. Bb3 d6 8. c3 dxc3 9. Nxc3 Nf6 10. d4 e6 11.
Qe2 Be7 12. e5 Nd7 13. exd6 Bxd6 14. d5 e5 15. Ne4 Nb6 16. Bg5 f6 17. Qh5+ Ke7 18.
Be3 Rb8 19. Rac1 Bb7 20. Nxd6 Kxd6 21. Bc5+ Kd7 22. Qf7+ 1-0

[Event "Late-Titled-Tuesday-Blitz-March-26-2024"]
[Site "Chess.com"]
[Date "2024.03.26"]
[Round "9"]
[White "Flaccidmoves"]
[Black "AndresDelgado77"]
[Result "1-0"]
[WhiteElo "2442"]
[BlackElo "2326"]
[TimeControl "180+1"]
[EndTime "15:42:18 PDT"]
[Termination "Flaccidmoves won by resignation"]

1. e4 e6 2. d4 d5 3. Nc3 Nf6 4.
e5 Nfd7 5. f4 c5 6. Nf3 Nc6 7. Be3 cxd4 8. Nxd4 Qb6 9. Qd2 Qxb2 10. Rb1 Qa3 11. Ncb5 Qxa2 12. Rb3 Nc5 13. Nc7+ Kd8 14.
Nxa8 Nxb3 15. cxb3 Nxd4 16. Qxa2 Bb4+ 17. Kf2 Nf5 18.
Bxa7 Bd7 19. Bb6+ Ke7 20. Nc7 Rc8 21. Bd3 Rxc7 22. Bxc7 Bc5+ 23. Ke1 Bb4+ 24. Kd1 Ne3+ 25. Kc1 b5 26. Bd6+ Bxd6 27. exd6+ Kxd6 28. Qa6+ Ke7 29. Bxb5 Bxb5 30. Qxb5 Nxg2 31. Qc5+ Kf6 32. Qd4+ Kg6 33.
Rg1 1-0

[Event "Late-Titled-Tuesday-Blitz-March-26-2024"]
[Site "Chess.com"]
[Date "2024.03.26"]
[Round "9"]
[White "teresin05"]
[Black "deepfear"]
[Result "1-0"]
[WhiteElo "2236"]
[BlackElo "1973"]
[TimeControl "180+1"]
[EndTime "15:42:23 PDT"]
[Termination "teresin05 won by resignation"]

1. e4 c5 2. Nf3 g6 3. c4 Bg7 4. d4 cxd4 5. Nxd4 Nc6 6. Be3 Qb6 7.
Nb3 Qc7 8. Qd2 d6 9. Nc3 Nf6 10. f3 a6 11. Be2 O-O 12. O-O Be6 13. Rac1 Nd7 14. Nd5 Qd8 15. Nd4 Bxd5 16. cxd5 Nxd4 17.
Bxd4 b5 18. Be3 Rc8 19. Rc6 Rxc6 20. dxc6 Nc5 21. b4 Na4 22. Rc1 Qc7 23. Bd1 Nb6 24. Bb3 e6 25. Qf2 Nc8 26. a4 Bb2 27. Qxb2 Ne7 28. Bh6 1-0

[Event "Late-Titled-Tuesday-Blitz-March-26-2024"]
[Site "Chess.com"]
[Date "2024.03.26"]
[Round "9"]
[White "N_Mullodzhanov"]
[Black "Boninknights"]
[Result "1-0"]
[WhiteElo "2552"]
[BlackElo "2395"]
[TimeControl "180+1"]
[EndTime "15:42:42 PDT"]
[Termination "N_Mullodzhanov won by resignation"]

1. e4 e5 2. Nf3 Qe7 3. Nc3 c6 4. d4 d6 5. Be3 g6 6. Qd2 Nf6 7. O-O-O Ng4 8. Bg5 f6 9. Bh4 Bh6 10. Bg5 fxg5 11. dxe5 Nxe5 12. Nd4 Nf7 13. Kb1 g4 14.
Qe2 Bg7 15. f4 gxf3 16. gxf3 O-O 17. h4 Nd7 18. h5 Nc5 19. hxg6 hxg6 20. Qh2 Nh6 21.
Bc4+ Be6 22. Nxe6 Nxe6 23. Rxd6 Rf6 24. e5 Qxd6 25. exd6 Rd8 26. Ne4 Rxf3 27. Bxe6+ Kf8 28. Ng5 Re3 1-0

[Event "Late-Titled-Tuesday-Blitz-March-26-2024"]
[Site "Chess.com"]
[Date "2024.03.26"]
[Round "9"]
[White "ahmedkandiliii"]
[Black "ChessQueen"]
[Result "0-1"]
[WhiteElo "2525"]
[BlackElo "2688"]
[TimeControl "180+1"]
[EndTime "15:42:43 PDT"]
[Termination "ChessQueen won on time"]

1. e4 c6 2. d4 d5 3. e5 c5 4.
dxc5 e6 5. a3 Bxc5 6. b4 Be7 7.
Nf3 f6 8. Bd3 Nd7 9. Bb2 Nh6 10.
O-O O-O 11. Re1 a5 12. b5 fxe5 13. Nxe5 Nxe5 14. Bxe5 Bc5 15. Bg3 Qf6 16. Nd2 Bxf2+ 17. Bxf2 Qxf2+ 18. Kh1 e5 19. Rxe5 Ng4 20. Rh5 g6 21.
Rg5 Qf4 22. Rxg4 Bxg4 23. Qe1 Rae8 24. Qh4 Qxd2 25. h3 Bf5 26. Bxf5 Rxf5 27. Qh6 Qxh6 0-1

[Event "Late-Titled-Tuesday-Blitz-March-26-2024"]
[Site "Chess.com"]
[Date "2024.03.26"]
[Round "9"]
[White "GWR2024"]
[Black "Abhishek2"]
[Result "0-1"]
[WhiteElo "2181"]
[BlackElo "2346"]
[TimeControl "180+1"]
[EndTime "15:42:51 PDT"]
[Termination "Abhishek2 won by resignation"]

1. e4 e5 2. Nc3 Nf6 3. f4 d5 4. fxe5 Nxe4 5. Nf3 c5 6. Bb5+ Nc6 7. Qe2 Nxc3 8. dxc3 Be7 9. Bf4 Be6 10. O-O-O Qa5 11.
Kb1 a6 12. Bxc6+ bxc6 13. c4 Rb8 14. Qd2 Qa4 15. Bg5 Qa3 16. c3 d4 17. cxd4 Bxc4 18. Qc2 Qxa2+ 19. Kc1 Bb3 20. Qc3 Bxg5+ 21. Nxg5 Bxd1 22.
Rxd1 O-O 23. Qc2 g6 24. dxc5 Qa1+ 25. Kd2 Qxb2 26. Ne4 Rfd8+ 27. Nd6 Qxe5 28. Kc1 Qe3+ 29. Qd2 Qa3+ 30. Kc2 Rb2+ 0-1

[Event "Late-Titled-Tuesday-Blitz-March-26-2024"]
[Site "Chess.com"]
[Date "2024.03.26"]
[Round "9"]
[White "Bilan_Danila"]
[Black "ThinkingSquares"]
[Result "0-1"]
[WhiteElo "2634"]
[BlackElo "2802"]
[TimeControl "180+1"]
[EndTime "15:43:01 PDT"]
[Termination "ThinkingSquares won by resignation"]

1. d4 Nf6 2. Nf3 e6 3. g3 b5 4. Bg2 Bb7 5. a4 b4 6. c4 bxc3 7. bxc3 Be7 8. c4 O-O 9. O-O a5 10. Nc3 Na6 11. d5 exd5 12. cxd5 Re8 13. Ng5 Bb4 14.
Nce4 h6 15. d6 Bxe4 16. Nxe4 Nxe4 17. dxc7 Nxc7 18. Bb2 Nc3 19. Bxc3 Bxc3 20. Rc1 Bb4 21. Bxa8 Nxa8 22. e3 Nb6 23. Qc2 d6 24. Rfd1 Qd7 25. Rd4 Qxa4 26. Qc7 Rc8 27. Qxc8+ Nxc8 28. Rxc8+ Kh7 0-1

[Event "Late-Titled-Tuesday-Blitz-March-26-2024"]
[Site "Chess.com"]
[Date "2024.03.26"]
[Round "9"]
[White "vladislavkovalev"]
[Black "dropstoneDP"]
[Result "0-1"]
[WhiteElo "2879"]
[BlackElo "3011"]
[TimeControl "180+1"]
[EndTime "15:43:08 PDT"]
[Termination "dropstoneDP won by resignation"]

1. e4 e5 2. Nf3 Nf6 3. Nxe5 d6 4.
Nf3 Nxe4 5. Nc3 Nxc3 6. dxc3 Be7 7.
Be3 O-O 8. Qd2 Nd7 9. O-O-O Nf6 10. Bd3 Re8 11. Kb1 d5 12. h3 c5 13. Bg5 c4 14.
Bxf6 Bxf6 15. Be2 Qb6 16. Nd4 Bxd4 17. cxd4 c3 18. Qxc3 Rxe2 19. Qf3 Re4 20. Rhe1 Rxe1 21. Rxe1 Be6 22. c3 Qd6 23. Qe3 b5 24. g4 b4 25.
f4 bxc3 26. f5 Bd7 27. Qxc3 h6 28. Qc5 Qg3 29. Rd1 Qf3 30. Qc4 dxc4 0-1

[Event "Late-Titled-Tuesday-Blitz-March-26-2024"]
[Site "Chess.com"]
[Date "2024.03.26"]
[Round "9"]
[White "maurovargas01"]
[Black "roxannyzoldyck"]
[Result "0-1"]
[WhiteElo "1842"]
[BlackElo "2185"]
[TimeControl "180+1"]
[EndTime "15:43:09 PDT"]
[Termination "roxannyzoldyck won by checkmate"]

1. e4 c5 2. Nc3 Nc6 3. f4 g6 4.
Nf3 Bg7 5. d3 Nf6 6. g3 O-O 7.
Bg2 e6 8. O-O d5 9. e5 Nd7 10.
Ne2 b5 11. c3 Bb7 12. Qe1 f6 13. exf6 Nxf6 14. h3 Qd7 15. g4 d4 16. c4 bxc4 17.
dxc4 Rab8 18. Ng3 Nb4 19. Rf2 Nd3 20. Qf1 Nxf2 21. Qxf2 Qe7 22. b3 Ne4 23. Nxe4 Bxe4 24. Ng5 Bxg2 25. Qxg2 Rbd8 26. Qe4 d3 27. Bd2 Bxa1 28.
Nxe6 Rde8 29. f5 Bd4+ 30. Kg2 Kh8 31. Bg5 Bf6 32. Bh6 gxf5 33. gxf5 Rg8+ 34. Kh1 Qd6 35. Bf4 d2 36. Bxd6 d1=Q+ 37. Kh2 Qg1# 0-1

[Event "Late-Titled-Tuesday-Blitz-March-26-2024"]
[Site "Chess.com"]
[Date "2024.03.26"]
[Round "9"]
[White "CrushingKings"]
[Black "CFalcons8"]
[Result "1-0"]
[WhiteElo "2570"]
[BlackElo "2411"]
[TimeControl "180+1"]
[EndTime "15:43:12 PDT"]
[Termination "CrushingKings won by resignation"]

1. Nf3 e6 2. g3 d5 3. Bg2 Nf6 4. O-O Be7 5. c4 c6 6. b3 O-O 7.
Bb2 b5 8. d4 bxc4 9. bxc4 Ba6 10. Nbd2 Nbd7 11. Qc2 Rb8 12. Rfc1 Nb6 13. Ne5 c5 14.
Nc6 Qc7 15. Nxb8 Rxb8 16. dxc5 Nxc4 17. Nxc4 Bxc4 18. e4 Bxc5 19. Bxf6 gxf6 20. exd5 exd5 21. Bxd5 Bxd5 22. Qxc5 Qb7 23. Qc7 Qa8 24. Rab1 Re8 25. Rb2 Bh1 26. f4 Qf3 27. Qxa7 Qe3+ 28. Qxe3 1-0

[Event "Late-Titled-Tuesday-Blitz-March-26-2024"]
[Site "Chess.com"]
[Date "2024.03.26"]
[Round "9"]
[White "Konavets"]
[Black "Beca95"]
[Result "1-0"]
[WhiteElo "3151"]
[BlackElo "2956"]
[TimeControl "180+1"]
[EndTime "15:43:16 PDT"]
[Termination "Konavets won by resignation"]

1. e4 d5 2. exd5 Qxd5 3. Nc3 Qd6 4. Ne4 Qd8 5. d4 Nf6 6. Nxf6+ exf6 7. c3 Bd6 8. Bd3 c5 9. Ne2 Nc6 10. Be3 Qe7 11.
O-O O-O 12. a3 Rd8 13. Qc2 g6 14. Rfe1 cxd4 15. cxd4 Qf8 16. Rad1 Bd7 17. Qc1 Rac8 18. Bh6 Qe8 19. Nc3 Ne7 20. Ne4 Nd5 21. Nxd6 Rxc1 22. Rxc1 Qxe1+ 23. Rxe1 Bc6 24. Ne4 Re8 25. Kf1 f5 26. Nc3 Rd8 27. Nxd5 Bxd5 28. f3 Be6 29. Be3 f6 30. Rc1 Rd7 31. Bc4 Kf7 32. Ke2 b6 33.
Kd3 Bxc4+ 34. Rxc4 Ke6 35. a4 Kd5 36. a5 g5 37. a6 f4 38. Bd2 h5 39. b4 h4 40. h3 Ke6 41. Rc6+ Ke7 42. b5 1-0

[Event "Late-Titled-Tuesday-Blitz-March-26-2024"]
[Site "Chess.com"]
[Date "2024.03.26"]
[Round "9"]
[White "HanSchut"]
[Black "Aram7Adam"]
[Result "0-1"]
[WhiteElo "2276"]
[BlackElo "2417"]
[TimeControl "180+1"]
[EndTime "15:43:22 PDT"]
[Termination "Aram7Adam won on time"]

1. e4 c5 2. Nf3 Nc6 3. d4 cxd4 4. Nxd4 Nf6 5. Nc3 d6 6. Bg5 e6 7. f4 h6 8. Bxf6 Qxf6 9. Nxc6 bxc6 10. Qf3 d5 11. exd5 cxd5 12. Bb5+ Bd7 13. O-O-O Bd6 14. Bxd7+ Kxd7 15. g3 Rab8 16. Qd3 Rhc8 17. Na4 Rc4 18. b3 Ba3+ 19. Kd2 Rd4 20. Ke3 Rxd3+ 21. Rxd3 Rb4 22. Rhd1 Re4+ 23. Kf3 Qf5 24. c4 Qh5+ 25. Kg2 Re2+ 26. Kf1 Qxh2 27. cxd5 exd5 28. Rxd5+ Ke6 29. Re5+ Rxe5 30.
fxe5 Kxe5 31. Re1+ Kf5 0-1

[Event "Late-Titled-Tuesday-Blitz-March-26-2024"]
[Site "Chess.com"]
[Date "2024.03.26"]
[Round "9"]
[White "eljanov"]
[Black "mishanick"]
[Result "0-1"]
[WhiteElo "2905"]
[BlackElo "3049"]
[TimeControl "180+1"]
[EndTime "15:43:29 PDT"]
[Termination "mishanick won by resignation"]

1. d4 Nf6 2. Bf4 d5 3. e3 c5 4.
c3 Nc6 5. Nd2 Qb6 6. Qb3 e6 7. Ngf3 c4 8. Qc2 Nh5 9. Bg5 h6 10. Bh4 g5 11. Bg3 g4 12. Ng1 Be7 13. Ne2 Nxg3 14. hxg3 Bg5 15. Nf4 Bd7 16. Be2 f5 17. b3 cxb3 18. axb3 a5 19. Qb2 Kf7 20. c4 Nb4 21. Nb1 Bxf4 22. gxf4 h5 23. g3 dxc4 24. O-O cxb3 25. Qxb3 h4 26. Nc3 hxg3 27. fxg3 Bc6 28. d5 Qxe3+ 29. Rf2 Nxd5 0-1

[Event "Late-Titled-Tuesday-Blitz-March-26-2024"]
[Site "Chess.com"]
[Date "2024.03.26"]
[Round "9"]
[White "Kildepiotr"]
[Black "ahkashefi2800"]
[Result "1-0"]
[WhiteElo "2736"]
[BlackElo "2610"]
[TimeControl "180+1"]
[EndTime "15:43:32 PDT"]
[Termination "Kildepiotr won on time"]

1. Nf3 d5 2. g3 c6 3. Bg2 Nf6 4.
O-O Bf5 5. c4 e6 6. cxd5 exd5 7.
d3 Be7 8. Qb3 Qb6 9. Qc2 O-O 10.
Nc3 Nbd7 11. e4 dxe4 12. dxe4 Bg6 13. Be3 Qa6 14. Nh4 Bc5 15. Nxg6 hxg6 16. Rfe1 Bxe3 17. Rxe3 Ne5 18. h3 Rad8 19. Re2 Rd7 20. f4 Nd3 21. e5 Nb4 22. Qa4 Nfd5 23. Qxa6 Nxa6 24. Nxd5 cxd5 25.
Rd1 Rfd8 26. e6 fxe6 27. Rxe6 Kf7 28. Re5 d4 29. Kf2 b6 30. Bc6 Rd6 31. Bb5 Nc5 32. Bc4+ Kf6 33. g4 g5 34. Rf5+ Kg6 35. Rxg5+ Kf6 36.
Kf3 1-0

[Event "Late-Titled-Tuesday-Blitz-March-26-2024"]
[Site "Chess.com"]
[Date "2024.03.26"]
[Round "9"]
[White "MyDream003"]
[Black "Zkid"]
[Result "1-0"]
[WhiteElo "2809"]
[BlackElo "2906"]
[TimeControl "180+1"]
[EndTime "15:43:34 PDT"]
[Termination "MyDream003 won by resignation"]

1. e4 c6 2. Nf3 d5 3. Nc3 Bg4 4. h3 Bxf3 5. Qxf3 e6 6. g3 Nf6 7. d3 Bb4 8. Bd2 d4 9. Nb1 Bxd2+ 10. Nxd2 a5 11. Bg2 a4 12. a3 c5 13. O-O Nc6 14. Qe2 e5 15. f4 Qe7 16. h4 exf4 17. gxf4 h5 18. Bf3 Ng4 19. Nc4 Qxh4 20. Nd6+ Kf8 21. Nf5 Qf6 22. Bxg4 hxg4 23. Qxg4 Ne7 24. Nxe7 Kxe7 25.
Kg2 Rh6 26. f5 Rah8 27. Rh1 Rxh1 28. Rxh1 Rxh1 29. Kxh1 Qh6+ 30. Kg2 Qd2+ 31. Kg3 Qxc2 32. Qxg7 Qxd3+ 33. Kf4 Qa6 34. e5 d3 35. f6+ Kd8 36.
Qf8+ Kc7 37. Qxf7+ Kb6 38. Qe6+ Kb5 39. Qxa6+ bxa6 40. Ke3 1-0

[Event "Late-Titled-Tuesday-Blitz-March-26-2024"]
[Site "Chess.com"]
[Date "2024.03.26"]
[Round "9"]
[White "GoltsevDmitry2000"]
[Black "varunkrishnanchess"]
[Result "1-0"]
[WhiteElo "2794"]
[BlackElo "2633"]
[TimeControl "180+1"]
[EndTime "15:43:34 PDT"]
[Termination "GoltsevDmitry2000 won by resignation"]

1. e4 c5 2. Nf3 e6 3. b3 Nc6 4. Bb2 a6 5. d4 cxd4 6. Nxd4 Nf6 7. Nd2 Bc5 8. c3 O-O 9. Be2 e5 10. Nc2 d6 11. O-O Be6 12. Ne3 Bxe3 13. fxe3 Qb6 14.
Rf3 d5 15. exd5 Bxd5 16. Rh3 Be6 17. Rg3 Rad8 18. Qe1 Rxd2 19. Qxd2 Ne4 20. Qe1 Nxg3 21. Qxg3 f5 22. Qf2 a5 23. Rd1 e4 24. Rd6 Bc8 25. c4 a4 26. Qg3 Rf7 27. c5 Qxc5 28.
Bc4 g6 29. Rxg6+ Kf8 30. Rg8+ Ke7 31. Bxf7 Kxf7 32. Rxc8 axb3 33. Qg8+ Ke7 34. Qf8+ Ke6 35. Qxc5 1-0

[Event "Late-Titled-Tuesday-Blitz-March-26-2024"]
[Site "Chess.com"]
[Date "2024.03.26"]
[Round "9"]
[White "AryanTari"]
[Black "promen1999"]
[Result "0-1"]
[WhiteElo "2977"]
[BlackElo "2858"]
[TimeControl "180+1"]
[EndTime "15:43:39 PDT"]
[Termination "promen1999 won by resignation"]

1. e4 d6 2. d4 g6 3. Nf3 Bg7 4. Nc3 a6 5. Be2 b5 6. O-O Bb7 7. e5 b4 8. e6 f5 9. Na4 Nf6 10. Ng5 O-O 11. Bf3 Nc6 12. c4 bxc3 13. bxc3 Qc8 14.
Rb1 Rb8 15. Re1 Na5 16. d5 c6 17. Nb6 Qc7 18. Qa4 Nxd5 19. Bxd5 cxd5 20. Qxa5 Bxc3 21.
Qa3 Bxe1 22. Bb2 Bxf2+ 23. Kxf2 Qxb6+ 24. Kg3 d4 25. Nf7 Be4 26. Qa4 Rxf7 27. exf7+ Kxf7 0-1

[Event "Late-Titled-Tuesday-Blitz-March-26-2024"]
[Site "Chess.com"]
[Date "2024.03.26"]
[Round "9"]
[White "vladoboch"]
[Black "Xavier_mompel"]
[Result "1-0"]
[WhiteElo "2490"]
[BlackElo "2349"]
[TimeControl "180+1"]
[EndTime "15:43:42 PDT"]
[Termination "vladoboch won by resignation"]

1. h4 d5 2. g3 e5 3. Bg2 Nf6 4.
b3 c5 5. Bb2 Nc6 6. c4 d4 7. d3 Be7 8. Nd2 Be6 9. Nh3 O-O 10. Ng5 Bf5 11. O-O h6 12. Nge4 Nxe4 13. Nxe4 Be6 14. Ba3 Qa5 15. Bc1 f5 16. Nd2 Qc7 17.
a3 g5 18. hxg5 hxg5 19. b4 cxb4 20. axb4 Nxb4 21. Rb1 Rab8 22. Qa4 Na6 23. Nf3 g4 24. Nxe5 Qxe5 25. Bf4 Qc5 26. Bxb8 Rxb8 27. Rb5 Qc7 28.
Rfb1 Bd7 29. Qa2 Nc5 30. R5b2 b6 31. Ra1 a5 32. Qb1 a4 33. Qc1 Nb3 34. Qh6 Nxa1 35. Bd5+ 1-0

[Event "Late-Titled-Tuesday-Blitz-March-26-2024"]
[Site "Chess.com"]
[Date "2024.03.26"]
[Round "9"]
[White "Oleg_Papayan"]
[Black "AnthonyWirig"]
[Result "1-0"]
[WhiteElo "2657"]
[BlackElo "2807"]
[TimeControl "180+1"]
[EndTime "15:43:43 PDT"]
[Termination "Oleg_Papayan won by checkmate"]

1. e4 g6 2. d4 Bg7 3. Nc3 c6 4. Be3 Qb6 5. Qd2 Qxb2 6. Rb1 Qa3 7. Nf3 d6 8. Bc4 Nf6 9. e5 Ng4 10. O-O Nxe3 11. fxe3 d5 12. Bxd5 cxd5 13. Nb5 Qa4 14.
Nc7+ Kd8 15. Nxa8 f6 16. Qc3 Nc6 17. exf6 exf6 18. Qc5 Ne7 19. Nc7 Qc6 20. Nb5 b6 21. Qa3 a5 22. Na7 Qc7 23. Nb5 Qc6 24. Na7 Qc7 25.
Nxc8 Nxc8 26. Qb3 Qc6 27. Nd2 Re8 28. c4 f5 29. cxd5 Qd6 30. Rfc1 Ne7 31. Qxb6+ Qxb6 32. Rxb6 Bh6 33. Rd6# 1-0

[Event "Late-Titled-Tuesday-Blitz-March-26-2024"]
[Site "Chess.com"]
[Date "2024.03.26"]
[Round "9"]
[White "Shahdad2007"]
[Black "DinaBelenkaya"]
[Result "1-0"]
[WhiteElo "2622"]
[BlackElo "2493"]
[TimeControl "180+1"]
[EndTime "15:43:43 PDT"]
[Termination "Shahdad2007 won by resignation"]

1. Nf3 d5 2. g3 Nf6 3. Bg2 c6 4. d4 g6 5. O-O Bg7 6. c4 O-O 7. a4 a5 8. Qb3 Na6 9. Na3 Nb4 10. Bd2 Ne4 11. Bxb4 axb4 12. Qxb4 dxc4 13. Nxc4 Bxd4 14. Rad1 Bxf2+ 15. Kh1 Qc7 16. Nce5 Bxg3 17. Qxe4 Bf5 18. Qe3 Bxe5 19. Nxe5 f6 20. Nf3 e5 21. b3 Be6 22.
Nd2 Bd5 23. Ne4 Kg7 24. Nc5 Bxg2+ 25. Kxg2 Qe7 26. Rd7 Rf7 27. Rxe7 Rxe7 28. Ne4 Rg8 29. Nxf6 Rf8 30. Nh5+ gxh5 31. Qg5+ 1-0

[Event "Late-Titled-Tuesday-Blitz-March-26-2024"]
[Site "Chess.com"]
[Date "2024.03.26"]
[Round "9"]
[White "RebelJohnny"]
[Black "CMmauricio"]
[Result "0-1"]
[WhiteElo "2600"]
[BlackElo "2757"]
[TimeControl "180+1"]
[EndTime "15:43:44 PDT"]
[Termination "CMmauricio won by resignation"]

1. e4 e6 2. d4 d5 3. Nc3 Bb4 4. e5 c5 5. a3 Bxc3+ 6. bxc3 Ne7 7. Qg4 O-O 8. Bd3 f5 9. exf6 Rxf6 10. Bg5 Rf7 11. Qh5 g6 12. Qd1 Qa5 13. Nf3 Nbc6 14.
Qd2 c4 15. Be2 Nf5 16. Ne5 Nxe5 17. dxe5 Bd7 18. O-O Ba4 19. g4 Ng7 20. Rab1 b6 21. h4 Qc5 22. Be3 Qe7 23. Kg2 Raf8 24. Qd4 h5 25. gxh5 gxh5 26. Bg5 Qd7 27. Bf6 Bxc2 28. Rbc1 Bg6 29. Kh2 Qc7 30. f4 Nf5 31. Qf2 Rxf6 32. exf6 Rxf6 33. Rg1 Kh7 34. Rg5 Ng7 35. Rf1 Qf7 36.
Qd4 Nf5 37. Qe5 Nxh4 38. Bxh5 Nf5 39. Bxg6+ Rxg6 40. Rfg1 Rh6+ 41. Kg2 Nh4+ 42. Kf2 Ng6 43. Ke1 Nxe5 0-1